 Dungeon Crawl Stone Soup version 0.28.0-1-gb440e238dd (webtiles) character file.

Game seed: 7493175621522686377

7507 dualclasshuman the Nimble (level 10, -12/98 HPs)
             Began as a Deep Dwarf Berserker on Feb 25, 2022.
             Was a Follower of Trog.
             Mangled by Erica (15 damage)
             ... on level 10 of the Dungeon.
             The game lasted 00:44:13 (10318 turns).

dualclasshuman the Nimble (Deep Dwarf Berserker)   Turns: 10318, Time: 00:44:14

Health: -12/98     AC: 20    Str: 23    XL:     10   Next: 95%
Magic:  3/3        EV:  7    Int:  8    God:    Trog [*.....]
Gold:   385        SH:  0    Dex: 14    Spells: 9/9 levels left

rFire   + . .      SeeInvis .   u - +1 glaive (vamp)
rCold   + . .      Faith    .   (shield currently unavailable)
rNeg    . . .      Spirit   .   p - +0 gold dragon scales
rPois   +          Reflect  .   o - +1 helmet
rElec   .          Harm     .   B - +0 cloak
rCorr   .          Rampage  .   (no gloves)
Will    +....                   (no boots)
Stlth   ..........              y - amulet of the acrobat
HPRegen 0.00/turn               r - ring of flight
MPRegen 0.08/turn               (no ring)

@: flying
A: damage resistance, heal wounds, sense surroundings 2, no regeneration
a: Heal Wounds, Renounce Religion, Berserk


You were on level 10 of the Dungeon.
You worshipped Trog.
Trog was aware of your devotion.
You visited 1 branch of the dungeon, and saw 10 of its levels.
You also visited: Sewer, Ossuary and Bailey.

You collected 385 gold pieces.

Inventory:

Hand Weapons
 f - a +0 short sword of freezing
 j - a +1 spear of venom
 k - a +3 whip of venom
 n - a +0 war axe
 t - a +0 great mace of venom
 u - a +1 vampiric glaive (weapon)
 F - a +1 rapier of venom
 M - a +2 longbow of freezing
 N - a +4 spear
Missiles
 K - 2 poisoned darts
 P - 3 boomerangs
Armour
 o - a +1 helmet (worn)
 p - +0 gold dragon scales (worn)
 B - a +0 cloak (worn)
 E - +0 steam dragon scales
 G - +0 acid dragon scales
 O - a +2 plate armour of poison resistance
Jewellery
 m - a ring of magical power
 r - a ring of flight (left hand)
 y - an amulet of the acrobat (around neck)
 L - a ring of willpower
Wands
 s - a wand of acid (1)
 x - a wand of iceblast (15)
 H - a wand of flame (6)
Scrolls
 a - a scroll of summoning
 d - a scroll of holy word
 e - a scroll of fog
 v - a scroll of identify
 w - a scroll of vulnerability
 A - 2 scrolls of teleportation
 J - 2 scrolls of blinking
Potions
 b - a potion of attraction {unknown}
 c - 2 potions of flight
 g - a potion of haste
 h - 3 potions of magic
 i - 4 potions of lignification
 l - 2 potions of heal wounds
 q - a potion of cancellation
 z - 3 potions of curing
 C - a potion of invisibility {unknown}
 I - 3 potions of might {unknown}
Miscellaneous
 D - a phantom mirror (inert)


   Skills:
 * Level 8.5 Fighting
 + Level 4.7(7.6) Axes
 + Level 5.8(6.5) Maces & Flails
 + Level 5.3(5.9) Polearms
 * Level 9.0 Armour
 * Level 9.1 Dodging
 + Level 1.2 Evocations


You had 9 spell levels left.
You didn't know any spells.
Your spell library was empty.

Dungeon Overview and Level Annotations

Branches:
Dungeon (10/15)            Temple (0/1) D:6            Lair (0/6) D:8
  Sewer (visited)         Ossuary (visited)          Bailey (visited)
    Orc: D:9-12

Altars:
Uskayaw
Xom
Yredelemnul
The Shining One

Shops:
D:4 [   D:9 =

Annotations:
D:10 Erica


Innate Abilities, Weirdness & Mutations

You are resistant to damage.
You can heal yourself by infusing magical energy.
You passively map the area around you.
You do not regenerate.


Message History

You barely miss something.
You hear some strange, mumbled words.
A bolt of poison appears from out of thin air!
The bolt of poison hits you.
You are more poisoned.
You resist. Something hits you.
You closely miss something. Something hits you!
* * * LOW HITPOINT WARNING * * *
Something burns you. Something hits you.
* * * LOW HITPOINT WARNING * * *
Something hits you.
You miss something. Something hits you!
* * * LOW HITPOINT WARNING * * *
Something burns you. Something hits you.
You miss something.
You feel yourself speed up. Something hits you.
* * * LOW HITPOINT WARNING * * *
Something hits you but does no damage.
You slash something! Something hits you but does no damage.
You hit something.
You feel better. Something hits you.
* * * LOW HITPOINT WARNING * * *
Something burns you. Something hits you.
* * * LOW HITPOINT WARNING * * *
Something burns you.
You miss something.
You are no longer poisoned.
Something hits you but does no damage.
You miss something.
You hear some strange, mumbled words.
A bolt of poison appears from out of thin air!
The bolt of poison hits you. You resist.
You closely miss something. Something hits you!
* * * LOW HITPOINT WARNING * * *
Something hits you.
You miss something.
You recover from your berserk rage.
Something completely misses you.
You miss something. Something hits you but does no damage. Something hits you!
You die...

* * , , , , , * *#.##
## , * ,,....*.. * *
* * , #...#.* * , , *
, *#.#... ** #.##.# ,
* #.##.# *
...#######.##.# ,
*..KKKK{@......#####.
,,
.#########..........>
* , ##.######...
####.######. * * ,
#........... ,, *
#.########## * *, #<#
*** #.# *, , #.# *


You could see 4 kobolds.

Vanquished Creatures
  3 two-headed ogres
  A gargoyle (Bailey)
  3 trolls
  2 vampires (Bailey)
  2 steam dragons
  Menkaure (Ossuary)
  An acid dragon (D:8)
  2 ice beasts
  3 sky beasts
  3 orc warriors
  A black bear (D:4)
  An ogre (D:5)
  A centaur (D:7)
  A phantom (D:4)
  A kobold brigand (D:10)
  2 scorpions
  3 bullfrogs
  A wyvern zombie (D:9)
  11 killer bees
  7 wolf zombies (Bailey)
  5 howler monkeys
  7 vampire bats (Bailey)
  A bullfrog zombie (D:6)
  3 centaur zombies
  4 hounds
  5 jellies
  5 orc priests
  A gnoll shaman (D:3)
  5 iguanas
  5 orc wizards
  A hound skeleton (D:5)
  2 howler monkey zombies
  3 mummies (Ossuary)
  A howler monkey skeleton (D:4)
  4 gnolls (D:3)
  A river rat (D:3)
  8 adders
  2 ufetubi
  5 worms
  6 dart slugs
  17 orcs
  14 ball pythons
  7 bats
  6 endoplasms
  12 giant cockroaches
  12 goblins
  6 hobgoblins
  6 quokkas
  7 frilled lizards
  4 gnoll skeletons (Ossuary)
  3 gnoll zombies (Ossuary)
  3 goblin skeletons (Ossuary)
  4 goblin zombies (Ossuary)
  10 hobgoblin skeletons (Ossuary)
  7 hobgoblin zombies (Ossuary)
  11 kobolds
  A kobold skeleton (Ossuary)
  A kobold zombie (Ossuary)
  2 orc skeletons (Ossuary)
  22 orc zombies
  4 rats
  5 rat skeletons (Ossuary)
  7 rat zombies (Ossuary)
295 creatures vanquished.

Vanquished Creatures (collateral kills)
  An adder (D:4)
  An endoplasm (D:4)
2 creatures vanquished.

Vanquished Creatures (others)
  4 fungi (D:8)
  15 plants
19 creatures vanquished.

Grand Total: 316 creatures vanquished

Notes
Turn   | Place    | Note
-------+----------+-------------------------------------------
     0 | D:1      | dualclasshuman the Deep Dwarf Berserker began the quest for
                  | the Orb.
     0 | D:1      | Reached XP level 1. HP: 20/20 MP: 1/1
   214 | D:1      | Reached XP level 2. HP: 17/27 MP: 2/2
   399 | D:1      | Found a faded altar of an unknown god.
  1123 | D:2      | Reached XP level 3. HP: 13/34 MP: 2/2
  1194 | D:2      | Reached ** piety under Trog
  1530 | D:2      | Noticed a scorpion
  1538 | D:2      | Killed a scorpion
  1539 | D:2      | Reached XP level 4. HP: 27/42 MP: 3/3
  2020 | D:3      | Reached XP level 5. HP: 49/49 MP: 4/4
  2234 | D:3      | Found a glowing drain.
  2279 | Sewer    | Entered a sewer
  2482 | Sewer    | Reached skill level 1 in Maces & Flails
  2482 | Sewer    | Reached XP level 6. HP: 32/57 MP: 5/5
  3642 | D:4      | Reached XP level 7. HP: 49/64 MP: 6/6
  3769 | D:4      | Reached skill level 5 in Dodging
  3810 | D:4      | Found Erri's Antique Armour Emporium.
  4346 | D:5      | Entered Level 5 of the Dungeon
  4374 | D:5      | Reached skill level 5 in Fighting
  4443 | D:5      | Reached XP level 8. HP: 47/74 MP: 7/7
  4507 | D:5      | Reached skill level 5 in Armour
  4833 | D:5      | Found a basalt altar of Yredelemnul.
  5209 | D:6      | Found a staircase to the Ecumenical Temple.
  5286 | D:6      | Noticed a troll
  5297 | D:6      | Killed a troll
  5298 | D:6      | Reached skill level 1 in Polearms
  5326 | D:6      | Found a sand-covered staircase.
  5332 | Ossuary  | Entered an ossuary
  5790 | Ossuary  | Noticed Menkaure
  5796 | Ossuary  | Killed Menkaure
  5911 | Ossuary  | Reached *** piety under Trog
  6155 | D:6      | Gained mutation: You passively map the area around you.
                  | [Deep Dwarf growth]
  6155 | D:6      | Reached XP level 9. HP: 66/84 MP: 8/8
  7383 | D:7      | Noticed a two-headed ogre
  7392 | D:7      | Killed a two-headed ogre
  7483 | D:8      | Found a glowing golden altar of the Shining One.
  7561 | D:8      | Found a staircase to the Lair.
  7611 | D:8      | Reached XP level 10. HP: 78/94 MP: 9/9
  7657 | D:8      | Found a shimmering altar of Xom.
  7797 | D:8      | Found a hide-covered altar of Uskayaw.
  8578 | D:9      | Found Iduwnor's Jewellery Boutique.
  8779 | D:9      | Noticed a two-headed ogre
  8791 | D:9      | Killed a two-headed ogre
  8792 | D:9      | Reached skill level 5 in Maces & Flails
  8820 | D:9      | Found a flagged portal.
  8848 | Bailey   | Entered a bailey
  9138 | Bailey   | Noticed a gargoyle
  9152 | Bailey   | Killed a gargoyle
  9153 | Bailey   | Reached skill level 5 in Polearms
 10017 | D:9      | Reached skill level 1 in Evocations
 10260 | D:10     | Entered Level 10 of the Dungeon
 10273 | D:10     | Noticed a two-headed ogre
 10275 | D:10     | Identified the +0 buckler of Burocs {rCorr}
 10280 | D:10     | Noticed Erica
 10284 | D:10     | Killed a two-headed ogre
 10316 | D:10     | HP: 3/98 [something (11)]
 10318 | D:10     | Mangled by Erica

Illustrated notes

Levels and vault maps discovered:
D:1:      saegor_arrival_simple_c, layout_basic, serial_bayou,
          serial_bayou_pond_d, serial_bayou_pond_b, serial_bayou_shore_a,
          serial_bayou_pond_a, shapermc_ecumenical_altar_acropolis,
          dk_noncrumbling_4
D:2:      minmay_inner_zag, layout_loops_ring, palyth_stone_intersect,
          minmay_misc_feat_iff, serial_bayou_pond_b, minmay_3d_cube
D:3:      layout_loops_ring, portal_sewer_entry_c, minmay_misc_feat_alley
D:4:      layout_loops_cross, serial_shops, nicolae_shop_advertising_works
          [nicolae_subvault_shop_adworks]
D:5:      layout_gridville, old_standard_altar
D:6:      layout_basic, minmay_temple_entry_slanted, enter_ossuary_5,
          nrook_loot_triangle
D:7:      layout_basic
D:8:      layout_rooms, dk_xom_monty_hall,
          mainiacjoe_overflow_concentric_impassable, tso_altar,
          dpeg_oklobed_lair, special_room [special_room_orc],
          nicolae_straight_to_the_point
D:9:      layout_roguey, enter_bailey_3, serial_shops,
          nicolae_shop_window_shopping, st_stairs_13
D:10:     layout_loops_ring, minmay_orc_keep, uniq_erica, uniq_sonja

Skill      XL: |  1  2  3  4  5  6  7  8  9 10 |
---------------+-------------------------------+-----
Fighting       | 3 4 5 6 7 8 |  8.5
Axes           | 4 |  4.7
Dodging        | 3 4 5 7 8 9 |  9.1
Armour         | 3 4 5 7 9 |  9.0
Maces & Flails | 1 2 3 4 5 |  5.8
Polearms       | 2 4 5 |  5.3
Evocations     | 1 |  1.2

Action                   |  1- 3 |  4- 6 |  7- 9 | 10-12 || total
-------------------------+-------+-------+-------+-------++-------
Melee: Hand axe          |   106 |       |       |       ||   106
       Punch             |     4 |       |     4 |       ||     8
       Short sword       |    41 |       |       |       ||    41
       Spear             |     8 |    37 |   424 |   187 ||   656
       Whip              |       |   126 |   122 |       ||   248
       Great mace        |       |       |    10 |   123 ||   133
       Glaive            |       |       |       |    41 ||    41
Invok: Trog's Hand       |       |     7 |    25 |    15 ||    47
       Berserk           |       |     4 |     8 |     9 ||    21
 Abil: Heal Wounds       |     4 |     1 |     5 |    19 ||    29
Evoke: Wand              |       |       |       |    19 ||    19
       Phantom mirror    |       |       |       |     1 ||     1
  Use: Potion            |     1 |       |     1 |     1 ||     3
       Scroll            |     4 |     2 |    15 |     4 ||    25
 Stab: Sleeping          |     3 |     1 |       |     2 ||     6
Armor: Animal skin       |    28 |    30 |    27 |       ||    85
       Chain mail        |       |       |   128 |       ||   128
       Acid dragon scale |       |       |    15 |   101 ||   116
       Steam dragon scal |       |       |     3 |       ||     3
       Gold dragon scale |       |       |       |   104 ||   104
Dodge: Dodged            |   111 |   125 |   302 |   380 ||   918
